 Dungeon Crawl Stone Soup version 0.30-b1-2-g02819fbbbe (webtiles) character file.

Game seed: 9005554833402294250

977 grindst0ne the Ruffian (level 7, -3/71 HPs)
             Began as a Troll Fighter on Sept 18, 2023.
             Slain by a black bear (7 damage)
             ... on level 5 of the Dungeon.
             The game lasted 00:06:11 (3994 turns).

grindst0ne the Ruffian (Troll Fighter)              Turns: 3994, Time: 00:06:12

Health: -3/71      AC:  0    Str: 25    XL:     7   Next: 95%
Magic:  6/6        EV:  9    Int:  4    God:
Gold:   134        SH:  8    Dex: 11    Spells: 6/6 levels left

rFire   . .          .
                       - Unarmed
rCold   . . .        b - +0 kite shield
rNeg    . . .        a - +0 robe
rPois   .            (helmet restricted)
rElec   .            (no cloak)
rCorr   .            (gloves unavailable)
SInv    .            (boots unavailable)
Will    .....        (no amulet)
Stlth   +            (no ring)
HPRegen 1.11/turn    (no ring)
MPRegen 0.10/turn

%: no passive effects
@: marked, corroded
A: large, unfitting armour, claws 3, regeneration 1, shaggy fur 1, tough skin 1
a: no special abilities


You were on level 5 of the Dungeon.
You visited 1 branch of the dungeon, and saw 5 of its levels.

You collected 134 gold pieces.

Inventory:

Missiles
 r - 11 poisoned darts (quivered)
Armour
 a - a +0 robe (worn)
 b - a +0 kite shield (worn)
Wands
 q - a wand of charming (15)
Scrolls
 d - 4 scrolls of noise {unknown}
 e - a scroll of fear {unknown}
 g - a scroll of enchant weapon {unknown}
 h - 2 scrolls of poison {unknown}
 i - a scroll of torment {unknown}
 j - a scroll of immolation {unknown}
 l - 7 scrolls of identify {unknown}
 m - a scroll of enchant armour {unknown}
 o - a scroll of teleportation {unknown}
 t - a scroll of magic mapping {unknown}
 v - a scroll of silence {unknown}
Potions
 c - 2 potions of might
 f - 3 potions of lignification {unknown}
 k - 2 potions of heal wounds {unknown}
 n - 6 potions of attraction {unknown}
 p - 2 potions of curing {unknown}
 s - a potion of mutation {unknown}
 u - a potion of berserk rage {unknown}


   Skills:
 + Level 4.9 Fighting
 - Level 4.0 Dodging
 + Level 4.5 Shields
 + Level 5.4 Unarmed Combat


You had 6 spell levels left.
You didn't know any spells.
Your spell library contained the following spells:

 Spells                   Type           Power      Damage    Failure   Level
 Apportation              Tloc           0%         N/A       75%         1
 Necrotise                Necr           0%         1d4       75%         1
 Summon Small Mammal      Summ           0%         N/A       75%         1


Dungeon Overview and Level Annotations

Branches:
Dungeon (5/15)
 Temple: D:4-7

Altars:
Fedhas
Trog

Shops:
D:1 ***


Innate Abilities, Weirdness & Mutations

You are too large for most types of armour.
You have claws for hands.
Your natural rate of healing is unusually fast.
You are covered in fur. (AC +1)
You have tough skin. (AC +1)


Message History

The orc attacks as you move away! The orc hits you with a +0 club.
You claw the orc!
You kill the orc!
The jelly jiggles.
You claw the jelly!
Your claws burn!
The jelly is severely wounded.
The jelly hits you. The acid corrodes you!
You are splashed with acid.
You claw the jelly!
You kill the jelly!
You scratch the black bear.
The black bear is lightly wounded.
You block the black bear's attack. The black bear barely misses you.
The black bear claws you.
You closely miss the black bear.
The black bear is lightly wounded.
The black bear barely misses you. The black bear claws you.
* * * LOW HITPOINT WARNING * * *
The black bear barely misses you.
You mangle the black bear!!
The black bear is severely wounded.
The black bear goes berserk!
An orc comes into view. It is wielding a +0 whip.
You barely miss the black bear.
The black bear is severely wounded.
The black bear bites you!
* * * LOW HITPOINT WARNING * * *
You block the black bear's attack. x2
You claw the black bear!
The black bear is almost dead.
You block the black bear's attack. The black bear barely misses you.
The black bear claws you.
* * * LOW HITPOINT WARNING * * *
The orc throws a stone.
The stone hits you.
* * * LOW HITPOINT WARNING * * *
The black bear bites you.
* * * LOW HITPOINT WARNING * * *
The black bear claws you!
* * * LOW HITPOINT WARNING * * *
The black bear claws you!
You die...

#################################
...#....#......##......##....#...
)..#..#.#.....##..##.)##..##...#.
.#hl..#.#.#..##..##..##...##.....
.#..#.#lJ.#l##..##..##.......##..
....#.....#....##.o.......#..##..
..###########.###.###.#####.#####
#... ........lh@.....# #.# #
##### ##.############.#####.###..
#.# #.#.......#.# #.# #.#.#####.#
#.# #.# ..#.# #.# #.# #.#.# #.#
#.# #.#.# ########.## #.# #.#.#
..........# #.# #.#.#


You could see a black bear (berserk), an iguana and an orc.

Vanquished Creatures
  An ice beast (D:5)
  An ogre (D:5)
  A phantom (D:4)
  A scorpion (D:5)
  A howler monkey (D:5)
  6 hounds
  2 jellies
  A sleepcap (D:5)
  3 iguanas (D:5)
  3 orc wizards (D:5)
  10 adders
  A gnoll (D:1)
  2 white imps (D:5)
  2 ufetubi (D:5)
  3 dart slugs
  7 orcs (D:5)
  2 ball pythons
  9 endoplasms
  2 giant cockroaches
  5 goblins
  4 hobgoblins
  8 jackals
  5 quokkas
  10 bats
  4 frilled lizards
  7 kobolds
  9 rats
  A bush (D:4)
111 creatures vanquished.

Notes
Turn   | Place    | Note
-------+----------+-------------------------------------------
     0 | D:1      | grindst0ne the Troll Fighter began the quest for the Orb.
     0 | D:1      | Reached XP level 1. HP: 22/22 MP: 0/0
    25 | D:1      | Found Nuggidem's General Store.
    75 | D:1      | Found a faded altar of an unknown god.
    95 | D:1      | Reached XP level 2. HP: 29/29 MP: 1/1
   229 | D:1      | Reached XP level 3. HP: 33/37 MP: 2/2
   283 | D:1      | Found Igean's Assorted Antiques.
   367 | D:1      | Found Afel Log's Assorted Antiques.
   448 | D:1      | Reached skill level 3 in Unarmed Combat
  1136 | D:2      | Reached XP level 4. HP: 44/45 MP: 3/3
  1991 | D:3      | Found a bloodstained altar of Trog.
  2497 | D:4      | Reached XP level 5. HP: 43/53 MP: 4/4
  2564 | D:4      | Reached skill level 4 in Unarmed Combat
  2614 | D:4      | Noticed a phantom
  2628 | D:4      | Killed a phantom
  2629 | D:4      | Reached XP level 6. HP: 57/62 MP: 5/5
  2661 | D:4      | Found a blossoming altar of Fedhas.
  3084 | D:5      | Entered Level 5 of the Dungeon
  3519 | D:5      | Reached XP level 7. HP: 64/70 MP: 6/6
  3917 | D:5      | Reached skill level 5 in Unarmed Combat
  3994 | D:5      | Slain by a black bear

Illustrated notes

Levels and vault maps discovered:
D:1:      erik_arrival_orb_chamber, layout_loops_ring,
          dreamdust_ecumenical_altar_angels_and_demons, serial_shops,
          nicolae_shop_tiny_glass, nicolae_shop_pleasant_corner_grove,
          nicolae_shop_rolling_square
D:2:      layout_basic
D:3:      layout_basic, trog_book, serial_park_tiny_pond
D:4:      layout_cave_pods, fedhas_ov_isle_minmay, kennysheep_nub
D:5:      minmay_thinvault, layout_basic, st_stairs_10

Skill      XL: |  1  2  3  4  5  6  7 |
---------------+----------------------+-----
Fighting       | 3 4 |  4.9
Unarmed Combat | 3 4 5 |  5.4
Shields        | 3 4 |  4.5
Dodging        | 3 4 |  4.0

Action                     |  1- 3 |  4- 6 |  7- 9 || total
---------------------------+-------+-------+-------++-------
  Melee: Unarmed           |    94 |   186 |    60 ||   340
   Stab: Sleeping          |     3 |     2 |       ||     5
 Armour: Robe              |    23 |    39 |    13 ||    75
  Dodge: Dodged            |    20 |    45 |    21 ||    86
  Block: Kite shield       |    36 |    56 |    26 ||   118
